 Dungeon Crawl Stone Soup version 0.32-a0-768-g0f6f1dd4b9 (webtiles) character file.

Game seed: 5481289670492861255

30079 PriceMaster the Reanimator (level 13, -3/90 HPs)
             Began as a Demonspawn Necromancer on Mar 15, 2024.
             Was an Initiate of Gozag.
             Slain by a death knight
             ... wielding a +0 glaive
              (28 damage)
             ... on level 14 of the Dungeon on Mar 18, 2024.
             The game lasted 01:04:29 (20755 turns).

PriceMaster the Reanimator (DsNe)                  Turns: 20755, Time: 01:04:29

Health: -3/90      AC: 11    Str: 23    XL:     13   Next: 18%
Magic:  10/27      EV: 17    Int: 16    God:    Gozag
Gold:   102        SH:  4    Dex: 22    Spells: 1/32 levels left

rFire   + . .        g - +8 short sword
rCold   . . .        v - orb "Noaxkah" {*channel, Harm Will+ Dex+3}
rNeg    + . .        W - +1 robe "Vasosiut" {rCorr Dex+2}
rPois   .            h - +1 helmet
rElec   +            t - +0 cloak
rCorr   +            i - +0 pair of gloves
SInv    .            (no boots)
Will    ++++.        X - amulet of the Four Winds {rN+ Will+++ Clar}
Stlth   ++++         c - ring of the Stag {rElec Str+6 Dex+2}
HPRegen 1.15/turn    l - ring of Mite {Wiz ^Contam rElec rF+ Str+5}
MPRegen 0.20/turn

%: harm (+30% outgoing, +20% incoming), repel missiles, clarity, wizardry (x1),
channel magic (20%)
@: no status effects
A: claws 1, repulsion field 3, icemail 1, condensation shield, demonic magic 1,
regeneration 1, screaming 1, MP-powered wands, noise suppression
a: Renounce Religion, Potion Petition, Call Merchant, Bribe Branch


You were on level 14 of the Dungeon.
You worshipped Gozag.
Gozag was aware of your devotion.
You visited 1 branch of the dungeon, and saw 15 of its levels.
You also visited: Sewer.

You collected 3160 gold pieces.
You spent 2383 gold pieces at shops.
You paid 675 gold pieces to Gozag.

Inventory:

Hand Weapons
 a - a +2 scimitar of flaming
 g - a +8 short sword (weapon)
 k - a -2 demon whip of venom
 s - the +8 sling of Excruciating Pain {heavy, rElec rN+}
   (You bought it in a shop on level 13 of the Dungeon)

   rElec:     It insulates you from electricity.
   rN+:       It protects you from negative energy.
 N - a +6 great sword of freezing
Armour
 h - a +1 helmet (worn)
 i - a +0 pair of gloves (worn)
 t - a +0 cloak (worn)
 v - the orb "Noaxkah" (worn) {*channel, Harm Will+ Dex+3}
   (You found it on level 4 of the Dungeon)

   Dex+3:     It affects your dexterity (+3).
   Will+:     It increases your willpower.
   Harm:      It increases damage dealt and taken.
 W - the +1 robe "Vasosiut" (worn) {rCorr Dex+2}
   (You found it on level 10 of the Dungeon)

   Dex+2:     It affects your dexterity (+2).
   rCorr:     It protects you from acid and corrosion.
Jewellery
 b - an amulet of magic regeneration
 c - the ring of the Stag (left hand) {rElec Str+6 Dex+2}
   (You bought it in a shop on level 2 of the Dungeon)

   [ring of strength]

   Str+6:     It affects your strength (+6).
   Dex+2:     It affects your dexterity (+2).
   rElec:     It insulates you from electricity.
 d - an amulet of guardian spirit
 l - the ring of Mite (right hand) {Wiz ^Contam rElec rF+ Str+5}
   (You bought it in a shop on level 7 of the Dungeon)

   [ring of wizardry]

   Wiz:       It improves your spell success rate.
   Str+5:     It affects your strength (+5).
   rF+:       It protects you from fire.
   rElec:     It insulates you from electricity.
   ^Contam:   It causes magical contamination when unequipped.
 q - a +6 ring of strength
 A - an amulet of reflection
 P - a ring of flight
 R - a ring of poison resistance
 V - a ring of protection from cold
 X - the amulet of the Four Winds (around neck) {rN+ Will+++ Clar}
   (You bought it in a shop on level 11 of the Dungeon)

   [amulet of nothing]

   rN+:       It protects you from negative energy.
   Will+++:   It greatly increases your willpower.
   Clar:      It protects you from confusion, rage, mesmerisation and fear.
 Y - a ring of magical power
Talismans
 e - a talisman of death
Wands
 f - a wand of mindburst (9)
 o - a wand of flame (39)
 B - a wand of paralysis (6)
 T - a wand of polymorph (1)
Scrolls
 u - 3 scrolls of vulnerability
 y - a scroll of silence
 z - 5 scrolls of teleportation
 D - 2 scrolls of immolation
 E - 3 scrolls of noise
 F - a scroll of blinking
 G - 2 scrolls of amnesia
 H - 2 scrolls of fear
 K - 4 scrolls of revelation
 L - 3 scrolls of poison
 O - a scroll of torment
Potions
 j - a potion of ambrosia
 m - a potion of brilliance
 n - a potion of attraction
 p - a potion of berserk rage
 r - 3 potions of enlightenment
 w - 3 potions of curing
 x - 4 potions of degeneration
 I - 2 potions of lignification
 M - a potion of haste
 Q - 4 potions of heal wounds
Miscellaneous
 U - a condenser vane (inert) (quivered)


   Skills:
 + Level 4.9 Fighting
 + Level 5.4 Short Blades
 + Level 3.2 Armour
 + Level 3.7 Dodging
 + Level 8.8 Stealth
 + Level 10.3 Spellcasting
 + Level 6.7 Conjurations
 + Level 4.2 Hexes
 + Level 10.8 Necromancy
 + Level 6.4 Fire Magic
 * Level 1.6 Ice Magic
 * Level 1.7 Earth Magic
 + Level 2.4 Evocations
 + Level 3.6 Shapeshifting


You had one spell level left.
You knew the following spells:

 Your Spells              Type           Power      Damage    Failure   Level
a - Necrotise             Necr           100%       1d9       1%          1
b - Vampiric Draining     Necr           43%        2d9       1%          3
c - Curse of Agony        Necr           43%        N/A       4%          5
d - Fireball              Conj/Fire      14%        3d8       14%         5
e - Fugue of the Fallen   Necr           43%        N/A       1%          3
f - Anguish               Hex/Necr       16%        N/A       5%          4
g - Cause Fear            Hex            10%        N/A       14%         4
h - Permafrost Eruption   Ice/Erth       6%         2x4d3     97%         6

Your spell library contained the following spells:

 Spells                   Type           Power      Damage    Failure   Level
 Ensorcelled Hibernation  Hex/Ice        34%        N/A       5%          2
 Leda's Liquefaction      Alch/Erth      5%         N/A       38%         4
 Lee's Rapid Deconstruct  Erth           6%         3d6*      58%         5
 Dragon's Call            Summ           4%         N/A       100%        9
 Animate Dead             Necr           Unusable   N/A       N/A         4

Dungeon Overview and Level Annotations

Branches:
Dungeon (15/15)            Temple (0/1) D:4            Lair (0/5) D:9
    Orc (0/2) D:12         Vaults (0/5) D:13          Sewer (visited)
 Depths: D:15

Altars:
Ashenzari
Cheibriados
Gozag
Ru
Vehumet
Xom

Shops:
D:1 ?   D:2 =?[([   D:7 =   D:11 =   D:13 (!*


Innate Abilities, Weirdness & Mutations

You have sharp fingernails.
You are surrounded by a strong repulsion field. (EV +4, RMsl)
A meltable icy envelope protects you from harm. (AC +4)
A meltable shield of frost defends you. (SH +4)
Spells you cast may paralyse adjacent enemies.
Your natural rate of healing is unusually fast.
You occasionally shout uncontrollably at your foes.
You expend magic power (3 MP) to strengthen your wands.
You passively dampen the noise of your surroundings.


Message History

Unknown command.
Casting: Anguish (dangerous; 5% risk of failure)
Confirm with . or Enter, or press ? or * to list all spells.
Casting: Anguish (dangerous; 5% risk of failure)
Press: ? - help, Dir - look around, f - activate The death knight resists with almost no effort.
Malevolent energies surge around you.
The death knight hits you with a +0 glaive!!
Casting: Anguish (dangerous; 5% risk of failure)
Confirm with . or Enter, or press ? or * to list all spells.
Casting: Cause Fear (dangerous; 14% risk of failure)
Press: ? - help, Dir - look around, f - activate The death knight resists with almost no effort.
Malevolent energies surge around you.
The death knight hits you with a +0 glaive!
* * * LOW HITPOINT WARNING * * *
You feel much better.
The death knight hits you with a +0 glaive!!
* * * LOW HITPOINT WARNING * * *
Okay, then.
Casting: Cause Fear (dangerous; 14% risk of failure)
Confirm with . or Enter, or press ? or * to list all spells.
Aiming: Vampiric Draining (safe; 1% risk of failure)
Press: ? - help, Shift-Dir - straight line, f - death knight
Aim: a death knight, wielding a +0 glaive and wearing a +0 chain mail You draw life force from the death knight!
You feel life coursing into your body! Malevolent energies surge around you.
The death knight offers itself to Yredelemnul, and fills with unholy energy.
Casting: Vampiric Draining (safe; 1% risk of failure)
Confirm with . or Enter, or press ? or * to list all spells.
Aiming: Vampiric Draining (safe; 1% risk of failure)
Press: ? - help, Shift-Dir - straight line, f/p - death knight
Aim: a death knight, wielding a +0 glaive and wearing a +0 chain mail (moderately wounded, reflecting injuries)
You draw life force from the death knight.
You feel life coursing into your body. Malevolent energies surge around you.
The death knight reflects your damage back at you!
* * * LOW HITPOINT WARNING * * *
The death knight hits you with a +0 glaive!!
You die...
Your body crumbles into a pile of gold.

..# ### #.# ...
#.# ..# #.# ..#
#[# #..#
#.##..[#
#.#....#
#<@p...#
....(!..$....#
####.###......#
.. ......... ##
#.....###
#..#### #..#
#..#


You could see a death knight (reflects damage).

Vanquished Creatures
  4 vault guards (D:13)
  A hydra (D:14)
  A centaur warrior (D:13)
  5 boulder beetles
  4 two-headed ogres
  A tengu warrior (D:13)
  Amaemon (D:9)
  A skeletal warrior (D:13)
  Pikel (D:8)
  Maurice (D:7)
  An ugly thing (D:12)
  3 manticores
  2 cyclopes
  An orange demon (D:9)
  A gargoyle (D:10)
  4 kobold demonologists
  2 komodo dragons
  An efreet (D:13)
  A freezing wraith (D:15)
  2 trolls
  A hornet (D:7)
  3 slime creatures (D:12)
  2 wyverns
  5 shadows
  25 yaks
  5 wraiths
  A warg (D:12)
  A steam dragon (D:10)
  Grum (D:8)
  3 vampire mosquitoes (D:12)
  6 acid dragons
  2 water moccasins
  2 ice beasts (D:6)
  A laughing skull (D:13)
  2 orc warriors
  4 wolves
  5 centaurs
  A lemure (D:8)
  5 kobold brigands
  3 bullfrogs
  4 scorpions
  A water moccasin zombie (D:6)
  15 wights
  4 killer bees (D:11)
  3 bombardier beetles
  A howler monkey (D:4)
  An electric eel (D:9)
  A jelly (D:7)
  3 hounds (D:5)
  6 orc priests
  6 iguanas
  A sleepcap (D:4)
  6 orc wizards
  15 adders
  3 gnolls (D:6)
  3 river rats
  2 shadow imps (D:5)
  4 ufetubi
  5 ribbon worms
  4 dart slugs
  20 orcs
  10 endoplasms
  3 giant cockroaches
  8 goblins
  4 hobgoblins
  3 jackals (Sewer)
  30 kobolds
  7 quokkas
  13 ball pythons
  8 bats
  4 frilled lizards
  A rat (D:3)
315 creatures vanquished.

Vanquished Creatures (collateral kills)
  An endoplasm (D:1)
  2 rats (D:1)
3 creatures vanquished.

Vanquished Creatures (others)
  A tengu warrior (D:14)
  A gargoyle (D:11)
  A freezing wraith (D:13)
  A troll (D:10)
  A shadow (D:10)
  A wraith (D:13)
  A yak (D:10)
  2 orc warriors
  A laughing skull (D:13)
  A wight (D:10)
  A killer bee (D:11)
  An electric eel (D:10)
  An orc priest (D:12)
14 creatures vanquished.

Grand Total: 332 creatures vanquished

Notes
Turn   | Place    | Note
-------+----------+-------------------------------------------
     0 | D:1      | PriceMaster the Demonspawn Necromancer began the quest for
                  | the Orb.
     0 | D:1      | Reached XP level 1. HP: 13/13 MP: 3/3
   252 | D:1      | Gained mutation: You are surrounded by a mild repulsion
                  | field. (EV +2) [demonic ancestry]
   252 | D:1      | Reached XP level 2. HP: 15/19 MP: 3/5
   598 | D:1      | Found Hepsiwnouduc's Magic Scroll Shoppe.
   619 | D:1      | Bought a scroll of identify for 28 gold pieces
   667 | D:1      | Reached skill level 1 in Short Blades
  1065 | D:2      | Reached XP level 3. HP: 14/25 MP: 2/6
  1349 | D:2      | Found Ysapn's Armour Boutique.
  1354 | D:2      | Reached skill level 1 in Fighting
  1392 | D:2      | Bought a +0 leather armour for 22 gold pieces
  1406 | D:2      | Learned a level 3 spell: Vampiric Draining
  1428 | D:2      | Found Jigoem's Magic Scroll Emporium.
  1530 | D:2      | Found Sutiwnoz's Jewellery Shop.
  1964 | D:2      | Found Mauc's Antique Armour Emporium.
  1998 | D:2      | Gained mutation: Spells you cast may paralyse adjacent
                  | enemies. [demonic ancestry]
  1998 | D:2      | Reached XP level 4. HP: 32/32 MP: 7/7
  2028 | D:2      | Reached skill level 5 in Necromancy
  2168 | D:2      | Found Motacvet's Antique Weapon Boutique.
  2780 | D:3      | Found a radiant altar of Vehumet.
  3623 | D:4      | Reached XP level 5. HP: 38/38 MP: 5/9
  3701 | D:4      | Reached skill level 1 in Shapeshifting
  3766 | D:4      | Gained mutation: A meltable shield of frost defends you.
                  | (SH +4) [demonic ancestry]
  3766 | D:4      | Reached XP level 6. HP: 42/44 MP: 4/10
  3844 | D:4      | Found a staircase to the Ecumenical Temple.
  4043 | D:4      | Reached skill level 1 in Armour
  4044 | D:4      | Identified the orb "Noaxkah" {*channel, Harm Will+ Dex+3}
  4165 | D:4      | Found a snail-covered altar of Cheibriados.
  4235 | D:4      | Found an opulent altar of Gozag.
  4252 | D:4      | Became a worshipper of Gozag Ym Sagoz the Greedy
  4480 | D:4      | Learned a level 5 spell: Curse of Agony
  4499 | D:5      | Entered Level 5 of the Dungeon
  4786 | D:5      | Gained mutation: You have sharp fingernails. [demonic
                  | ancestry]
  4786 | D:5      | Reached XP level 7. HP: 46/51 MP: 10/12
  5203 | D:6      | Found a glowing drain.
  5367 | Sewer    | Entered a sewer
  6350 | D:6      | Reached XP level 8. HP: 58/58 MP: 11/14
  7164 | D:6      | Noticed an angel
  7379 | D:7      | Gained mutation: You occasionally shout uncontrollably at
                  | your foes. [potion of mutation]
  7379 | D:7      | Gained mutation: Your natural rate of healing is unusually
                  | fast. [potion of mutation]
  7379 | D:7      | Gained mutation: You passively dampen the noise of your
                  | surroundings. [potion of mutation]
  7379 | D:7      | Gained mutation: You expend magic power (3 MP) to
                  | strengthen your wands. [potion of mutation]
  7734 | D:7      | Noticed Maurice
  7735 | D:7      | Noticed a hornet
  7740 | D:7      | Paralysed by a hornet for 1 turns
  7742 | D:7      | Killed Maurice
  7744 | D:7      | Killed a hornet
  7745 | D:7      | Reached skill level 1 in Evocations
  7745 | D:7      | Gained mutation: A meltable icy envelope protects you from
                  | harm. (AC +4) [demonic ancestry]
  7745 | D:7      | Reached XP level 9. HP: 27/65 MP: 3/16
  8147 | D:7      | Found Hifokopp's Jewellery Emporium.
  8152 | D:7      | Bought the ring of Mite {Wiz ^Contam rElec rF+ Str+5} for
                  | 614 gold pieces
  9152 | D:7      | Learned a level 5 spell: Fireball
  9515 | D:8      | Reached skill level 5 in Stealth
  9519 | D:8      | Reached skill level 1 in Conjurations
  9520 | D:8      | Reached skill level 5 in Spellcasting
  9520 | D:8      | Reached skill level 1 in Fire Magic
  9537 | D:8      | Learned a level 3 spell: Fugue of the Fallen
  9574 | D:8      | Noticed Grum
  9583 | D:8      | Killed Grum
  9852 | D:8      | Gained mutation: You are surrounded by a moderate repulsion
                  | field. (EV +3) [demonic ancestry]
  9852 | D:8      | Reached XP level 10. HP: 17/69 MP: 15/18
 10334 | D:8      | Noticed Pikel
 10342 | D:8      | Killed Pikel
 10721 | D:9      | Learned a level 4 spell: Anguish
 11182 | D:9      | Found a broken altar of Ashenzari.
 11244 | D:9      | Noticed an orange demon
 11245 | D:9      | Noticed Amaemon
 11256 | D:9      | Killed an orange demon
 11260 | D:9      | Killed Amaemon
 11261 | D:9      | Reached XP level 11. HP: 78/78 MP: 1/22
 11681 | D:9      | Found a staircase to the Lair.
 11869 | D:10     | Entered Level 10 of the Dungeon
 12044 | D:10     | Reached skill level 5 in Fire Magic
 12055 | D:10     | Found a shimmering altar of Xom.
 12241 | D:10     | Found a sacrificial altar of Ru.
 12293 | D:10     | Identified the +1 robe "Vasosiut" {rCorr Dex+2}
 12644 | D:10     | Upgraded the game from 0.32-a0-711-g016ad743e0 to
                  | 0.32-a0-747-gc8563f6773
 12875 | D:11     | Found Gomiuly's Jewellery Boutique.
 12885 | D:11     | Bought the amulet of the Four Winds {rN+ Will+++ Clar} for
                  | 667 gold pieces
 12885 | D:11     | Found the amulet of the Four Winds {rN+ Will+++ Clar}
 12995 | D:11     | Reached skill level 5 in Short Blades
 13002 | D:11     | Reached skill level 1 in Hexes
 13141 | D:11     | Noticed a two-headed ogre
 13152 | D:11     | Killed a two-headed ogre
 13319 | D:11     | Reached skill level 5 in Conjurations
 13434 | D:11     | Noticed a two-headed ogre
 13441 | D:11     | Killed a two-headed ogre
 13993 | D:12     | Noticed a brown ugly thing
 14012 | D:12     | Killed a brown ugly thing
 14180 | D:12     | Found a staircase to the Orcish Mines.
 14320 | D:12     | Learned a level 4 spell: Cause Fear
 14389 | D:12     | Noticed a boulder beetle
 14406 | D:12     | Killed a boulder beetle
 14407 | D:12     | Reached XP level 12. HP: 84/84 MP: 0/24
 14647 | D:12     | Reached skill level 10 in Necromancy
 15800 | D:12     | Noticed a two-headed ogre
 15806 | D:12     | Killed a two-headed ogre
 16571 | D:13     | Found Kitrokh's Demolitions Depot.
 16885 | D:13     | Upgraded the game from 0.32-a0-747-gc8563f6773 to
                  | 0.32-a0-768-g0f6f1dd4b9
 17018 | D:13     | Found a gate to the Vaults.
 17018 | D:13     | Noticed a two-headed ogre
 17018 | D:13     | Noticed a vault guard
 17018 | D:13     | Noticed a boulder beetle
 17018 | D:13     | Noticed a vault guard
 17018 | D:13     | Noticed a vault guard
 17018 | D:13     | Noticed a centaur warrior
 17018 | D:13     | Noticed a vault guard
 17018 | D:13     | Noticed a boulder beetle
 17024 | D:13     | Killed a centaur warrior
 17025 | D:13     | Killed a vault guard
 17028 | D:13     | Killed a vault guard
 17028 | D:13     | Killed a vault guard
 17028 | D:13     | Killed a vault guard
 17029 | D:13     | Killed a boulder beetle
 17030 | D:13     | Reached skill level 10 in Spellcasting
 17031 | D:13     | Killed a boulder beetle
 17035 | D:13     | Killed a two-headed ogre
 17296 | D:13     | Noticed a boulder beetle
 17309 | D:13     | Killed a boulder beetle
 17345 | D:13     | Learned a level 6 spell: Permafrost Eruption
 17375 | D:13     | Found Luewk's Distillery.
 17380 | D:13     | Noticed a tengu warrior
 17388 | D:13     | Killed a tengu warrior
 17389 | D:13     | Gained mutation: You are surrounded by a strong repulsion
                  | field. (EV +4, RMsl) [demonic ancestry]
 17389 | D:13     | Reached XP level 13. HP: 87/90 MP: 1/27
 17429 | D:13     | Bought 2 potions of heal wounds for 130 gold pieces
 17429 | D:13     | Bought a potion of heal wounds for 65 gold pieces
 17654 | D:13     | You fall into a shaft and drop 2 floors!
 17654 | D:15     | Entered Level 15 of the Dungeon
 17791 | D:14     | Reached skill level 1 in Ice Magic
 19454 | D:2      | Bought a scroll of identify for 28 gold pieces
 19454 | D:2      | Bought 3 scrolls of identify for 84 gold pieces
 19511 | D:2      | Bought the ring of the Stag {rElec Str+6 Dex+2} for 596
                  | gold pieces
 19733 | D:9      | Reached skill level 1 in Earth Magic
 20535 | D:13     | Bought a smoking sling for 149 gold pieces
 20535 | D:13     | Identified the +8 sling of Excruciating Pain {heavy, rElec
                  | rN+} (You bought it in a shop on level 13 of the Dungeon)
 20755 | D:14     | Slain by a death knight

Illustrated notes

Levels and vault maps discovered:
D:1:      dpeg_arrival_windows_large_door, layout_loops_ring, serial_shops,
          nicolae_shop_stone
D:2:      layout_loops_ring, serial_shops, shop, shop, shop, shop, shop_coins
D:3:      layout_loops_ring, mainiacjoe_overflow_tiny_flanked,
          fiery_altar_vehumet
D:4:      layout_loops_cross, slow_altar_2,
          nicolae_gozag_cash_rules_everything_around_me,
          minmay_temple_entry_wispy, kennysheep_generic_room_10
D:5:      layout_cave_pools, serial_library_hellmonk_hallway_b
D:6:      layout_layer_cave, zin_angel, serial_undead, serial_undead_c,
          serial_undead_e, serial_undead_c, serial_undead_c,
          cheibrodos_sewer_entry_sluice
D:7:      layout_basic, serial_shops, nicolae_shop_rolling_square,
          serial_park_tiny_pond, grunt_ministairs_2, st_stairs_6, uniq_maurice
D:8:      layout_rooms, nicolae_sextant, uniq_grum, uniq_pikel
D:9:      layout_loops_ring, lemuel_round_altar, lair_entry_dummy,
          nrook_pool_corridor, kennysheep_another_room, uniq_amaemon
D:10:     layout_cave_pools, nicolae_ru_awakened_eye, xom_confusion_cloud
D:11:     layout_gridville, serial_shops, nicolae_shop_tiny_glass
D:12:     layout_cave_pools, minmay_orc_entry_guard_dogs
D:13:     layout_stronghold, lightli_vaults_fourway_checkpoint, serial_shops,
          nicolae_shop_statue_plus, nicolae_blasting_shop
D:14:     layout_loops_ring, minmay_hollow_rounded_squares, uniq_nessos,
          uniq_roxanne, uniq_kirke, uniq_louise
D:15:     gammafunk_enter_depths_forms, layout_irregular_city,
          small_statue_intersection

Skill      XL: |  1  2  3  4  5  6  7  8  9 10 11 12 13 |
---------------+----------------------------------------+-----
Short Blades   | 1 2 3 4 5 |  5.4
Fighting       | 1 2 3 4 |  4.9
Necromancy     | 5 6 7 8 9 10 | 10.8
Stealth        | 2 3 4 5 6 7 8 |  8.8
Spellcasting   | 3 4 5 7 8 10 | 10.3
Shapeshifting  | 1 3 |  3.6
Armour         | 1 2 3 |  3.2
Dodging        | 2 3 |  3.7
Evocations     | 1 2 |  2.4
Conjurations   | 2 3 5 6 |  6.7
Fire Magic     | 2 4 5 6 |  6.4
Hexes          | 2 3 4 |  4.2
Ice Magic      | 1 |  1.6
Earth Magic    | 1 |  1.7

Action                     |  1- 3 |  4- 6 |  7- 9 | 10-12 | 13-15 || total
---------------------------+-------+-------+-------+-------+-------++-------
  Melee: Unarmed           |     8 |       |       |       |       ||     8
         Dagger            |     7 |       |       |       |       ||     7
         Short sword       |    27 |    95 |   139 |   165 |    20 ||   446
   Cast: Necrotise         |    39 |    57 |    81 |    79 |     5 ||   261
         Vampiric Draining |     1 |     2 |    13 |    43 |     4 ||    63
         Curse of Agony    |       |       |     5 |     9 |     2 ||    16
         Fugue of the Fall |       |       |     3 |    30 |     1 ||    34
         Anguish           |       |       |       |    43 |    17 ||    60
         Fireball          |       |       |       |    26 |     5 ||    31
         Cause Fear        |       |       |       |     5 |     3 ||     8
 Invoke: Call Merchant     |       |       |       |       |     1 ||     1
  Evoke: Wand              |       |       |    15 |    29 |     3 ||    47
         Condenser vane    |       |       |       |     2 |     1 ||     3
    Use: Scroll            |     6 |     8 |     2 |     8 |     6 ||    30
         Potion            |       |       |     6 |     1 |     1 ||     8
   Stab: Sleeping          |     1 |     5 |     4 |     2 |     1 ||    13
         Distracted        |     1 |       |     1 |     1 |       ||     3
         Paralysed         |       |    21 |    39 |    80 |     2 ||   142
         Invisible         |       |       |     1 |       |       ||     1
 Armour: Robe              |    23 |       |       |    64 |    34 ||   121
         Ring mail         |    18 |    27 |       |       |       ||    45
         Leather armour    |     5 |    19 |   144 |    60 |       ||   228
  Dodge: Dodged            |    42 |    64 |   158 |   126 |    50 ||   440
         Repelled          |       |       |       |       |     2 ||     2
  Block: Other             |       |     1 |       |       |       ||     1
         Form:             |     1 |       |     1 |       |       ||     2
         Death             |     1 |       |     1 |       |       ||     2

Table legend: (Time is in decaauts)
 A = Elapsed time spent in this place.
 B = Non-inter-level travel time spent in this place.
 C = Inter-level travel time spent in this place.
 D = Time resting spent in this place.
 E = Time spent auto-exploring this place.
 F = Levels seen in this place.
 G = Mean time per level.
                   A        B        C        D        E       F      G
               +--------+--------+--------+--------+--------+-----+--------+
         Total |  20952 |  19605 |   1347 |   7414 |   8390 |  16 | 1309.5 |
       Dungeon |  19945 |  18598 |   1347 |   7414 |   7776 |  15 | 1329.7 |
         Sewer |   1007 |   1007 |      0 |      0 |    614 |   1 | 1007.0 |
               +--------+--------+--------+--------+--------+-----+--------+

Top non-repeatable levels by time:
    D:12: 2639 daAuts
     D:7: 2270 daAuts
    D:13: 2238 daAuts
     D:6: 1565 daAuts
     D:9: 1552 daAuts
     D:2: 1433 daAuts
     D:4: 1407 daAuts
    D:11: 1262 daAuts
     D:8: 1124 daAuts
    D:10: 1058 daAuts
     D:3: 1056 daAuts
     D:1: 1034 daAuts
   Sewer: 1007 daAuts
     D:5: 759 daAuts
    D:14: 431 daAuts
